 Dungeon Crawl Stone Soup version 0.24.1-11-gbbbb2193e6 (webtiles) character file.

Game seed: 3629709662671507240, levelgen mode: deterministic

602 Mrkan the Shield-Bearer (level 7, -10/60 HPs)
             Began as a Gnoll Fighter on May 14, 2020.
             Was an Initiate of Trog.
             Mangled by an ogre
             ... wielding a +0 giant spiked club
              (21 damage)
             ... on level 5 of the Dungeon.
             The game lasted 00:06:28 (3507 turns).

Mrkan the Shield-Bearer (Gnoll Fighter)             Turns: 3507, Time: 00:06:28

Health: -10/60     AC: 11    Str: 20    XL:     7   Next: 41%
Magic:  10/10      EV:  7    Int: 11    God:    Trog [......]
Gold:   283        SH: 11    Dex: 14    Spells: 10/10 levels left

rFire    . . .     SeeInvis .   a - +0 trident
rCold    . . .     Gourm    .   c - +0 shield
rNeg     . . .     Faith    .   v - +0 chain mail
rPois    .         Spirit   .   k - +0 helmet
rElec    .         Reflect  .   (no cloak)
rCorr    .         Harm     .   (no gloves)
MR       .....                  (no boots)
Stlth    ..........             (no amulet)
HPRegen  0.20/turn              (no ring)
MPRegen  0.12/turn              (no ring)

@: no status effects
A: distributed training, fangs 1, strong nose
a: Renounce Religion


You were on level 5 of the Dungeon.
You worshipped Trog.
Trog was noncommittal.
You were near starving.

You visited 1 branch of the dungeon, and saw 5 of its levels.

You collected 283 gold pieces.

Inventory:

Hand Weapons
 a - a +0 trident (weapon)
Armour
 c - a +0 shield (worn)
 k - a +0 helmet (worn)
 v - a +0 chain mail (worn)
Jewellery
 w - a +6 ring of protection {unknown}
 x - an uncursed ring of wizardry {unknown}
Wands
 q - a wand of flame (16)
 u - a wand of iceblast (11)
Scrolls
 b - a scroll of fear {unknown}
 e - 2 scrolls of teleportation {unknown}
 g - 2 scrolls of immolation {unknown}
 i - 2 scrolls of remove curse {unknown}
 l - 3 scrolls of identify {unknown}
Potions
 d - a potion of might
 h - 2 potions of curing {unknown}
 j - a potion of mutation {unknown}
 m - a potion of flight {unknown}
 n - a potion of heal wounds {unknown}
 o - a potion of ambrosia {unknown}
 p - 2 potions of invisibility {unknown}
 r - a potion of degeneration {unknown}
 s - 2 potions of haste {unknown}
 t - a potion of berserk rage {unknown}
Comestibles
 f - 12 rations


   Skills:
 + Level 7.0 Fighting
 + Level 2.4 Short Blades
 + Level 2.4 Long Blades
 + Level 2.4 Axes
 + Level 2.4 Maces & Flails
 + Level 5.2 Polearms
 + Level 2.4 Staves
 + Level 2.4 Slings
 + Level 2.4 Bows
 + Level 2.4 Crossbows
 + Level 2.4 Throwing
 + Level 7.0 Armour
 + Level 2.4 Dodging
 + Level 2.4 Stealth
 + Level 7.0 Shields
 + Level 2.4 Unarmed Combat
 + Level 2.4 Spellcasting
 + Level 2.0 Conjurations
 + Level 2.0 Hexes
 + Level 2.0 Charms
 + Level 2.0 Summonings
 + Level 2.0 Necromancy
 + Level 2.0 Translocations
 + Level 2.0 Transmutations
 + Level 2.0 Fire Magic
 + Level 2.0 Ice Magic
 + Level 2.0 Air Magic
 + Level 2.0 Earth Magic
 + Level 2.0 Poison Magic
 + Level 2.7 Invocations
 + Level 2.4 Evocations


You had 10 spell levels left.
You didn't know any spells.
Your spell library was empty.

Dungeon Overview and Level Annotations

Branches:
Dungeon (5/15)
 Temple: D:4-7

Altars:
Dithmenos
Trog
Yredelemnul

Shops:
D:5 [

Annotations:
D:3 3 runed translucent doors, Lidrolic's ghost, amateur HuFi


Innate Abilities, Weirdness & Mutations

Your experience applies equally to all skills.
You have very sharp teeth.
Your uncanny sense of smell can sniff out nearby items.


Message History

Attack whom?
Press: ? - help, Dir - move target cursor, f/p - ogre
Aim: an ogre, wielding a +0 giant spiked club (severely wounded)
The orc is in the way.
You hit the orc.
You kill the orc!
Trog accepts your kill.
You completely miss the ogre.
The ogre is severely wounded.
The ogre completely misses you.
You hit the ogre.
The ogre is severely wounded.
The ogre hits you with a +0 giant spiked club!
* * * LOW HITPOINT WARNING * * *
You hit the ogre but do no damage.
The ogre is severely wounded.
The ogre hits you with a +0 giant spiked club.
* * * LOW HITPOINT WARNING * * *
There is a stone staircase leading up here.
The ogre hits you with a +0 giant spiked club!!
You die...

#.....#### #........#
########
#....###.####......#
##.#####...##....<.#
#....####.........#
#..###.####..#......#
##. #.##....##.#####
#. #.....#..#.#### ##
##..#.#@.......
....##..O.#.....
####.###o#.#..... #.#
#)#.# ... #..##.#.#
.#...o#.# ∆
#..##..#.. .. .......
....#∩..#


You could see an ogre and 2 orcs.

Vanquished Creatures
  2 ogres (D:4)
  2 jellies (D:3)
  Natasha (thrice) (D:2)
  3 worker ants (D:4)
  A hound skeleton (D:4)
  2 adders
  4 gnolls (D:3)
  12 oozes
  An adder skeleton (D:4)
  5 worms
  An orc (D:5)
  5 goblins
  10 hobgoblins
  12 jackals
  2 quokkas
  2 ball pythons (D:2)
  5 bats
  8 frilled lizards
  15 kobolds
  5 rats
100 creatures vanquished.

Vanquished Creatures (others)
  3 fungi (D:3)
  7 toadstools (D:3)
10 creatures vanquished.

Grand Total: 110 creatures vanquished

Notes
Turn   | Place    | Note
-------+----------+-------------------------------------------
     0 | D:1      | Mrkan the Gnoll Fighter began the quest for the Orb.
     0 | D:1      | Reached XP level 1. HP: 23/23 MP: 1/1
    35 | D:1      | Reached XP level 2. HP: 28/29 MP: 2/2
   373 | D:1      | Reached XP level 3. HP: 35/35 MP: 3/3
   608 | D:2      | Noticed Natasha
   614 | D:2      | Killed Natasha
   614 | D:2      | Reached skill level 1 in Short Blades
   614 | D:2      | Reached skill level 1 in Long Blades
   614 | D:2      | Reached skill level 1 in Axes
   614 | D:2      | Reached skill level 1 in Maces & Flails
   614 | D:2      | Reached skill level 1 in Staves
   614 | D:2      | Reached skill level 1 in Slings
   614 | D:2      | Reached skill level 1 in Bows
   614 | D:2      | Reached skill level 1 in Crossbows
   614 | D:2      | Reached skill level 1 in Throwing
   614 | D:2      | Reached skill level 1 in Dodging
   614 | D:2      | Reached skill level 1 in Stealth
   614 | D:2      | Reached skill level 1 in Unarmed Combat
   614 | D:2      | Reached skill level 1 in Spellcasting
   614 | D:2      | Reached skill level 1 in Invocations
   614 | D:2      | Reached skill level 1 in Evocations
   614 | D:2      | Reached XP level 4. HP: 36/41 MP: 3/5
   753 | D:2      | Noticed Natasha
   762 | D:2      | Killed Natasha
   762 | D:2      | Reached skill level 1 in Conjurations
   762 | D:2      | Reached skill level 1 in Hexes
   762 | D:2      | Reached skill level 1 in Charms
   762 | D:2      | Reached skill level 1 in Summonings
   762 | D:2      | Reached skill level 1 in Necromancy
   762 | D:2      | Reached skill level 1 in Translocations
   762 | D:2      | Reached skill level 1 in Transmutations
   762 | D:2      | Reached skill level 1 in Fire Magic
   762 | D:2      | Reached skill level 1 in Ice Magic
   762 | D:2      | Reached skill level 1 in Air Magic
   762 | D:2      | Reached skill level 1 in Earth Magic
   762 | D:2      | Reached skill level 1 in Poison Magic
   951 | D:2      | Found a faded altar of an unknown god.
   951 | D:2      | Noticed Natasha
   979 | D:2      | Reached XP level 5. HP: 39/47 MP: 6/6
  1118 | D:2      | Killed Natasha
  1297 | D:2      | Found a basalt altar of Yredelemnul.
  1739 | D:3      | Reached XP level 6. HP: 49/53 MP: 8/8
  1820 | D:3      | Found a runed translucent gate.
  1820 | D:3      | Found a runed translucent gate.
  1823 | D:3      | Noticed Lidrolic's ghost (amateur HuFi)
  1824 | D:3      | Found a runed translucent gate.
  1959 | D:3      | Reached skill level 5 in Polearms
  2128 | D:3      | Found a shadowy altar of Dithmenos.
  2270 | D:4      | Found a bloodstained altar of Trog.
  2380 | D:4      | Became a worshipper of Trog the Wrathful
  2429 | D:4      | Reached XP level 7. HP: 59/59 MP: 10/10
  3445 | D:5      | Entered Level 5 of the Dungeon
  3482 | D:5      | Found Pofidass's Antique Armour Emporium.
  3507 | D:5      | Mangled by an ogre

Levels and vault maps discovered:
D:1:      dpeg_chamrin_arrival_tetris, layout_rooms
D:2:      layout_loops_cross, yredelemnul_altar_generic,
          chequers_ecumenical_altar_island, uniq_natasha
D:3:      cheibrodos_fertilizer, layout_rooms, old_standard_altar,
          ebering_ghost_rock_garden, kennysheep_generic_room_10
D:4:      layout_basic, lemuel_doored_altar, first_ration
D:5:      layout_rooms, makhleb_heckhound_becter, vehumet_crystals,
          kennysheep_mini_moat, nicolae_gozag_seed_capital, temple_statues,
          basic_altar, serial_shops, nicolae_shop_stone, shop, shop_fountains,
          shop, shop

Skill      XL: |  1  2  3  4  5  6  7 |
---------------+----------------------+-----
Short Blades   | 1 2 |  2.4
Long Blades    | 1 2 |  2.4
Axes           | 1 2 |  2.4
Maces & Flails | 1 2 |  2.4
Staves         | 1 2 |  2.4
Slings         | 1 2 |  2.4
Bows           | 1 2 |  2.4
Crossbows      | 1 2 |  2.4
Throwing       | 1 2 |  2.4
Dodging        | 1 2 |  2.4
Stealth        | 1 2 |  2.4
Unarmed Combat | 1 2 |  2.4
Spellcasting   | 1 2 |  2.4
Invocations    | 1 2 |  2.7
Evocations     | 1 2 |  2.4
Conjurations   | 1 2 |  2.0
Hexes          | 1 2 |  2.0
Charms         | 1 2 |  2.0
Summonings     | 1 2 |  2.0
Necromancy     | 1 2 |  2.0
Translocations | 1 2 |  2.0
Transmutations | 1 2 |  2.0
Fire Magic     | 1 2 |  2.0
Ice Magic      | 1 2 |  2.0
Air Magic      | 1 2 |  2.0
Earth Magic    | 1 2 |  2.0
Poison Magic   | 1 2 |  2.0
Polearms       | 5 |  5.2
Fighting       | 7 |  7.0
Armour         | 7 |  7.0
Shields        | 7 |  7.0

Action                   |  1- 3 |  4- 6 |  7- 9 || total
-------------------------+-------+-------+-------++-------
Melee: Trident           |    71 |   232 |    50 ||   353
       Bite              |     8 |    31 |     7 ||    46
  Eat: Chunk             |       |     5 |     2 ||     7
Armor: Scale mail        |    26 |   101 |       ||   127
       Chain mail        |       |       |    11 ||    11
Dodge: Dodged            |    19 |    75 |    16 ||   110
Block: Shield            |    39 |   134 |    20 ||   193
